 Dungeon Crawl Stone Soup version 0.31.0-9-g3a7656b989 (webtiles) character file.

Game seed: 15429914571742304108

2594 HannaPanda the Chopper (level 9, -4/59 HPs)
             Began as an Octopode Shapeshifter on Jan 30, 2024.
             Was an Initiate of Gozag.
             Slain by a yak (15 damage)
             ... on level 9 of the Dungeon.
             The game lasted 00:27:55 (6151 turns).

HannaPanda the Chopper (Octopode Shapeshifter)      Turns: 6151, Time: 00:27:55

Health: -4/59      AC:  1    Str: 17    XL:     9   Next: 58%
Magic:  9/9        EV: 11    Int: 13    God:    Gozag
Gold:   581        SH: 11    Dex: 11    Spells: 8/8 levels left

rFire   + . .        F - +1 dagger (freeze)
rCold   . . .        f - +0 tower shield
rNeg    . . .        (helmet currently unavailable)
rPois   .            u - amulet of regeneration
rElec   .            k - ring of protection from fire
rCorr   .            o - ring of see invisible
SInv    +            (no ring)
Will    .....        (no ring)
Stlth   +++          (no ring)
HPRegen 0.00/turn    (no ring)
MPRegen 0.11/turn    (no ring)
                     (no ring)

%: no passive effects
@: beast-form, gold aura, inhibited regen
A: beast (slay +3), almost no armour, amphibious, 8 rings, camouflage 1,
gelatinous body 1, (nimble swimmer 1), tentacles, high MP 1, inhibited
regeneration, inability to read after injury 1
a: Begin Untransformation, Renounce Religion, Potion Petition, Call Merchant,
Bribe Branch


You were on level 9 of the Dungeon.
You worshipped Gozag.
Gozag was pleased with you.
You were a hulking beast.
You visited 2 branches of the dungeon, and saw 10 of its levels.
You also visited: Ossuary.

You collected 1176 gold pieces.
You spent 540 gold pieces at shops.
You paid 55 gold pieces to Gozag.

Inventory:

Hand Weapons
 d - a +0 club
 e - a +0 club
 i - the +1 war axe of the Flying Mosquito {venom, rElec Str-4 Dex+2}
   (You found it on level 2 of the Dungeon)

   Str-4:     It affects your strength (-4).
   Dex+2:     It affects your dexterity (+2).
   rElec:     It insulates you from electricity.
 F - a +1 dagger of freezing (weapon)
Armour
 f - a +0 tower shield (worn)
 r - a scarf of resistance
Magical Staves
 q - a staff of death
Jewellery
 k - a ring of protection from fire (left tentacle)
 o - a ring of see invisible (right tentacle)
 u - an amulet of regeneration (around mantle)
Talismans
 b - a beast talisman (active)
 c - a flux talisman
 y - a maw talisman
Wands
 C - a wand of flame (18)
Scrolls
 m - a scroll of fog
 p - 2 scrolls of teleportation
 s - 2 scrolls of silence
 z - 2 scrolls of revelation {unknown}
 A - a scroll of amnesia
 E - a scroll of identify
Potions
 a - a potion of lignification
 g - a potion of ambrosia
 h - 2 potions of haste
 j - 4 potions of might {unknown}
 l - 2 potions of heal wounds
 n - 2 potions of brilliance
 t - a potion of cancellation
 v - 3 potions of magic
 w - a potion of invisibility
 x - a potion of berserk rage {unknown}
 B - 2 potions of curing {unknown}
 D - a potion of attraction {unknown}
 G - a potion of degeneration {unknown}


   Skills:
 + Level 4.3 Fighting
 + Level 1.2 Short Blades
 + Level 7.6 Axes
 + Level 0.2(4.6) Maces & Flails
 * Level 5.8 Dodging
 - Level 3.5 Stealth
 + Level 2.0 Shields
 + Level 3.7 Unarmed Combat
 * Level 5.8 Shapeshifting


You had 8 spell levels left.
You didn't know any spells.
Your spell library contained the following spells:

 Spells                   Type           Power      Damage    Failure   Level
 Slow                     Hex            0%         N/A       98%         1
 Cigotuvi's Dreadful Rot  Necr/Alch/Air  0%         N/A       99%         2
 Confusing Touch          Hex            0%         N/A       100%        3
 Fugue of the Fallen      Necr           0%         N/A       100%        3
 Ozocubu's Armour         Ice            0%         N/A       100%        3
 Sigil of Binding         Hex            0%         N/A       100%        3
 Vampiric Draining        Necr           0%         2d6       100%        3
 Anguish                  Hex/Necr       0%         N/A       100%        4
 Cause Fear               Hex            0%         N/A       100%        4
 Dispel Undead            Necr           0%         3d6       100%        4
 Manifold Assault         Tloc           0%         N/A       100%        4
 Martyr's Knell           Necr/Summ      0%         N/A       100%        4
 Death Channel            Necr           0%         N/A       100%        6
 Enfeeble                 Hex            0%         N/A       100%        7


Dungeon Overview and Level Annotations

Branches:
Dungeon (9/15)             Temple (1/1) D:4         Ossuary (visited)
   Lair: D:8-11         Orc: D:9-12

Altars:
Dithmenos
Elyvilon
Gozag
Hepliaklqana
Kikubaaqudgha
Makhleb
Nemelex Xobeh
Okawaru
Qazlal
Trog
Uskayaw
Xom
Yredelemnul
Zin
The Shining One

Shops:
D:3 *


Innate Abilities, Weirdness & Mutations

You are a hulking beast.
Your limbs bulge with bestial killing power. (Slay +3)
You cannot wear most types of armour.
You are amphibious.
You can wear up to eight rings at the same time.
Your skin changes colour to match your surroundings (Stealth+).
Your rubbery body absorbs attacks. (AC +1, EV +1)
((You are camouflaged when in or above water. (Stealth+)))
You have tentacles for arms and can constrict up to eight enemies at once.
You have an increased reservoir of magic. (+10% MP)
You do not regenerate when monsters are visible.
You occasionally lose the ability to read scrolls when taking damage.


Message History

You squeeze the steam dragon!
The steam dragon is almost dead.
The water moccasin is distracted by your dazzling golden aura.
You block the steam dragon's attack. x2
The yak is engulfed in a cloud of scalding steam.
The yak barely misses you.
The water moccasin hisses angrily.
You hit the steam dragon. You freeze the steam dragon.
You squeeze the steam dragon.
You kill the steam dragon!
A killer bee comes into view.
The yak is engulfed in a cloud of scalding steam.
You block the yak's attack.
Your Shields skill increases to level 2!
Found 10 gold pieces.
The yak is engulfed in a cloud of scalding steam.
The yak gores you!
There is an escape hatch in the floor, spattered with blood here.
You see here 11 gold pieces.
You can't go up here!
The yak is engulfed in a cloud of scalding steam.
You block the yak's attack. x2
You slide downwards.
The hatch slams shut behind you.
The yak bellows! x4; You hear a bellow!
Found a kite shield and 21 gold pieces.
You can't go down here!
You can't go up here!
The yak attacks as it pursues you! The yak barely misses you.
An orc comes into view. It is wielding a +0 short sword.
An acid dragon comes into view.
The orc shouts!
You hear a shout! x3
The acid dragon spits acid at you. The splash of acid misses you.
An orc comes into view. It is wielding a +0 club.
An orc warrior comes into view. It is wielding a +0 glaive.
The yak attacks as it pursues you! The yak gores you!
* * * LOW HITPOINT WARNING * * *
The yak attacks as it pursues you! The yak gores you!
You die...
Your body crumbles into a pile of gold.

#........####.
......YY.....
...........#
.......Y..# .
..........###..
.......Y.......
..........[....
.#.....YY......
###...h.......
#............
###..........
...#....$...
##..#....o...
#....##....o
##.### ...oD
.....


You could see 6 yaks, an orc warrior, an acid dragon (catching breath) and 2
orcs.

Vanquished Creatures
  A steam dragon (D:8)
  A water moccasin (D:7)
  A black bear (D:6)
  5 ogres
  An orc warrior (D:6)
  A sky beast (D:6)
  A centaur (D:7)
  A phantom (D:5)
  A weeping skull (Ossuary)
  2 bullfrogs
  2 scorpions
  5 water moccasin zombies (Ossuary)
  2 howler monkeys (D:7)
  3 hounds
  4 jellies
  4 orc priests
  A sleepcap (D:6)
  An iguana (D:6)
  5 orc wizards
  A bullfrog simulacrum (Ossuary)
  2 crocodile zombies (Ossuary)
  2 mummies (Ossuary)
  8 adders
  A white imp (D:6)
  2 ufetubi (D:6)
  An adder zombie (Ossuary)
  3 dart slugs
  2 ribbon worms
  24 orcs
  7 ball pythons
  4 bats
  12 endoplasms
  3 giant cockroaches
  9 gnoll zombies (Ossuary)
  8 goblins
  8 hobgoblins
  4 jackals (D:2)
  8 kobolds
  3 quokkas
  3 frilled lizards
  3 jackal zombies (Ossuary)
  4 orc zombies (Ossuary)
  A rat (D:3)
165 creatures vanquished.

Vanquished Creatures (others)
  A water moccasin zombie (Ossuary)
1 creature vanquished.

Grand Total: 166 creatures vanquished

Notes
Turn   | Place    | Note
-------+----------+-------------------------------------------
     0 | D:1      | HannaPanda the Octopode Shapeshifter began the quest for
                  | the Orb.
     0 | D:1      | Reached XP level 1. HP: 13/13 MP: 1/1
   116 | D:1      | Reached XP level 2. HP: 18/18 MP: 2/2
   335 | D:1      | Found a faded altar of an unknown god.
   341 | D:1      | Reached XP level 3. HP: 23/23 MP: 3/3
   563 | D:1      | Gained mutation: You sometimes lose your temper in combat.
                  | [potion of mutation]
   563 | D:1      | Gained mutation: Your flesh is heat resistant. (rF+)
                  | [potion of mutation]
   791 | D:2      | Identified the +1 war axe of the Flying Mosquito {venom,
                  | rElec Str-4 Dex+2}
   809 | D:2      | Reached skill level 1 in Stealth
   853 | D:2      | Reached XP level 4. HP: 13/28 MP: 4/4
  1312 | D:3      | Reached skill level 1 in Axes
  1365 | D:3      | Reached XP level 5. HP: 28/33 MP: 5/5
  1536 | D:3      | Reached skill level 2 in Axes
  1832 | D:3      | Found Osyehekk's Assorted Antiques.
  2232 | D:4      | Noticed an ogre
  2241 | D:4      | Killed an ogre
  2242 | D:4      | Reached XP level 6. HP: 39/39 MP: 6/6
  2288 | D:4      | Found a staircase to the Ecumenical Temple.
  2320 | Temple   | Entered the Ecumenical Temple
  2354 | Temple   | Became a worshipper of Gozag Ym Sagoz the Greedy
  2438 | D:4      | Reached skill level 3 in Axes
  2676 | D:4      | Found an iron altar of Okawaru.
  2762 | D:4      | Found a sand-covered staircase.
  2767 | Ossuary  | Entered an ossuary
  2796 | Ossuary  | Reached XP level 7. HP: 40/45 MP: 7/7
  2877 | Ossuary  | Reached skill level 4 in Axes
  3093 | Ossuary  | Reached skill level 5 in Axes
  3143 | Ossuary  | Reached XP level 8. HP: 43/51 MP: 8/8
  3256 | Ossuary  | Lost mutation: Your flesh is heat resistant. (rF+) [potion
                  | of mutation]
  3256 | Ossuary  | Lost mutation: You sometimes lose your temper in combat.
                  | [potion of mutation]
  3256 | Ossuary  | Gained mutation: You have hidden genetic defects. [potion
                  | of mutation]
  3256 | Ossuary  | Gained mutation: You occasionally lose the ability to read
                  | scrolls when taking damage. [potion of mutation]
  3256 | Ossuary  | Gained mutation: One of your tentacles bears a spike.
                  | [potion of mutation]
  3257 | Ossuary  | Lost mutation: One of your tentacles bears a spike. [potion
                  | of mutation]
  3257 | Ossuary  | Lost mutation: You have hidden genetic defects. [potion of
                  | mutation]
  3257 | Ossuary  | Gained mutation: You do not regenerate when monsters are
                  | visible. [potion of mutation]
  3257 | Ossuary  | Gained mutation: You have an increased reservoir of magic.
                  | (+10% MP) [potion of mutation]
  3385 | D:5      | Entered Level 5 of the Dungeon
  3847 | D:3      | Bought a maw talisman for 540 gold pieces
  4118 | D:6      | Reached skill level 6 in Axes
  4118 | D:6      | Reached skill level 5 in Shapeshifting
  4327 | D:6      | Found a shimmering altar of Xom.
  4613 | D:6      | Reached skill level 5 in Dodging
  4613 | D:6      | Reached XP level 9. HP: 26/58 MP: 9/9
  4659 | D:6      | Reached skill level 1 in Shields
  4728 | D:6      | Reached skill level 7 in Axes
  5450 | D:7      | Found a sparkling altar of Nemelex Xobeh.
  5582 | D:7      | Found a hide-covered altar of Uskayaw.
  6140 | D:8      | Reached skill level 1 in Short Blades
  6151 | D:9      | Slain by a yak

Illustrated notes

Levels and vault maps discovered:
D:1:      dpeg_arrival_round_a, layout_rooms,
          dreamdust_ecumenical_altar_hidden_monk_grotto, hangedman_glass_teeth,
          chequers_serial_rivers_room_a
D:2:      layout_basic
D:3:      layout_loops_cross, serial_shops, shop, corexii_corridor_pit
D:4:      layout_cave_pools, kennysheep_okawaru_gauntlet,
          minmay_temple_entry_offerings, enter_ossuary_2
D:5:      layout_layer_cave, minmay_misc_feat_square
D:6:      layout_basic, mainiacjoe_overflow_surrounded_room,
          serial_library_regret_index_branch_corner, nrook_mini_vaults,
          kennysheep_path_1, minmay_pentangle
D:7:      layout_loops_corners, lemuel_tele_altar, mainiacjoe_overflow_alcove_2
D:8:      layout_rooms, nicolae_overflow_crystal_walls, fedhas_altar_3,
          serial_bayou_pond_b, nicolae_the_louvre
D:9:      layout_cave_pools, kennysheep_mini
Temple:   hellmonk_temple_of_storms

Skill      XL: |  1  2  3  4  5  6  7  8  9 |
---------------+----------------------------+-----
Stealth        | 1 2 3 |  3.5
Axes           | 1 2 3 5 6 7 |  7.6
Shapeshifting  | 4 5 |  5.8
Fighting       | 2 3 4 |  4.3
Dodging        | 3 5 |  5.8
Shields        | 2 |  2.0
Short Blades   | 1 |  1.2
Maces & Flails | |  0.2
Unarmed Combat | |  3.7

Action                     |  1- 3 |  4- 6 |  7- 9 || total
---------------------------+-------+-------+-------++-------
  Melee: Unarmed           |    33 |       |       ||    33
         Constrict         |    14 |    20 |    35 ||    69
         Tentacles         |     5 |    16 |    40 ||    61
         War axe           |    12 |    94 |   111 ||   217
         Club              |    11 |       |       ||    11
         Punch             |     2 |     2 |     2 ||     6
         Dagger            |       |       |    38 ||    38
    Use: Scroll            |     2 |       |    12 ||    14
         Potion            |     1 |       |     3 ||     4
   Stab: Sleeping          |     4 |    19 |     8 ||    31
         Distracted        |       |       |     2 ||     2
 Armour: Skin              |    22 |    44 |    81 ||   147
  Dodge: Dodged            |    37 |    59 |    65 ||   161
  Block: Tower shield      |       |       |    85 ||    85
   Form: Beast             |     1 |       |       ||     1
